 Dungeon Crawl Stone Soup version 0.16-a0-2254-g943817a (console) character file.

2240 THEYGOTMYIPSWATINC the Grappler (level 9, -18/76 HPs)
             Began as a Troll Hunter on Nov 15, 2014.
             Was a Follower of Cheibriados.
             Demolished by a komodo dragon (29 damage)
             ... on level 8 of the Dungeon.
             The game lasted 00:10:35 (2231 turns).

THEYGOTMYIPSWATINC the Grappler (Troll Hunter)      Turns: 2231, Time: 00:10:35

Health: -18/76     AC:  5    Str: 24    XL:     9   Next: 14%
Magic:  4/4        EV: 10    Int: 12    God:    Cheibriados [*.....]
Gold:   184        SH:  0    Dex: 12    Spells: 0 memorised, 8 levels left

rFire  . . .     SeeInvis .       - Unarmed
rCold  . . .     Clarity  .     d - +0 animal skin
rNeg   . . .     SustAb   .     (shield restricted)
rPois  .         Gourm    +     (helmet restricted)
rElec  .         Spirit   .     (no cloak)
rCorr  .         Warding  .     (gloves unavailable)
rMut   .         Stasis   .     (boots unavailable)
MR     .....                    (no amulet)
Stlth  +.........               (no ring)
                                (no ring)

@: very slow, not resistant to hostile enchantments, very unstealthy
A: unfitting armour, claws 3, hooves 2, fast metabolism 3, gourmand,
regeneration 2, shaggy fur 1, tough skin 2
a: Bend Time, Renounce Religion


You were on level 8 of the Dungeon.
You worshipped Cheibriados.
Cheibriados was aware of your devotion.
You were hungry.

You visited 2 branches of the dungeon, and saw 9 of its levels.

You collected 184 gold pieces.

Inventory:

Hand weapons
 q - a +0 whip of freezing
 r - the cursed +2 rapier "Jomnal" {flame, MR+, unknown}
   (You found it on level 4 of the Dungeon)

   It emits flame when wielded, causing extra injury to most foes and up to
   double damage against particularly susceptible opponents.
   It affects your resistance to hostile enchantments.
   It has a curse placed upon it.
Missiles
 b - 3 large rocks (quivered)
 c - 2 throwing nets
Armour
 d - a +0 animal skin (worn)
Magical devices
 t - a wand of polymorph (15)
Scrolls
 e - 4 scrolls of remove curse {unknown}
 g - 2 scrolls of magic mapping {unknown}
 k - 2 scrolls of fog {unknown}
 l - a scroll of noise {unknown}
 m - 4 scrolls of identify {unknown}
 n - a scroll of amnesia {unknown}
 s - a scroll of teleportation {unknown}
 v - 3 scrolls of enchant armour {unknown}
Potions
 i - 3 potions of curing {unknown}
 j - a potion of heal wounds {unknown}
 o - a potion of restore abilities {unknown}
 p - 2 potions of lignification {unknown}
 u - a potion of invisibility {unknown}
 z - a potion of berserk rage {unknown}
Comestibles
 a - 2 meat rations
 f - a bread ration
 h - 2 royal jellies
 x - a slice of pizza


   Skills:
 - Level 1.5 Fighting
 - Level 3.6 Throwing
 - Level 1.5 Dodging
 - Level 0.4 Stealth
 + Level 11.9 Unarmed Combat


You had 8 spell levels left.
You didn't know any spells.

Dungeon Overview and Level Annotations

Branches:
Dungeon (8/15)             Temple (1/1) D:7
   Lair: D:8-11

Altars:
Ashenzari
Cheibriados
Dithmenos
Elyvilon
Fedhas
Gozag
Kikubaaqudgha
Makhleb
Nemelex Xobeh
Qazlal
Ru
Trog
Vehumet
Zin
The Shining One


Innate Abilities, Weirdness & Mutations

You are too large for most types of armour.
You have claws for hands.
Your metabolism is lightning-fast.
You like to eat raw meat.
You heal very quickly.
You are covered in fur (AC +1).
You have very tough skin (AC +2).
You have hoof-like feet.


Message History

The komodo dragon is lightly wounded.
You scratch the komodo dragon.
The komodo dragon begins to bleed from its wounds!
You kick the komodo dragon, but do no damage.
The komodo dragon is moderately wounded.
The komodo dragon bites you!!
You barely miss the komodo dragon. Your kick misses the komodo dragon.
The komodo dragon is moderately wounded.
You claw the komodo dragon! Your kick misses the komodo dragon.
The komodo dragon is severely wounded.
The komodo dragon bites you!!
* * * LOW HITPOINT WARNING * * *
You claw the komodo dragon!
The komodo dragon is almost dead.
The komodo dragon bites you!
* * * LOW HITPOINT WARNING * * *
You scratch the komodo dragon but do no damage.
The komodo dragon is almost dead.
The komodo dragon bites you!!
You die...

#.....#................
#.........########...##
#.....#.### ###..###
#.....#.# ####.)..# #
#######.......# #.<).##....
#........>...######.####...#.
#.#########..#.(.>.l# .#.##
#.# ##.#.(###### ## +## #K#
#..@l## #...# #....# #PP...#
.......## #PPP....#.####.##
#PPP....# ### #PPPP.../


#PPPPP.P.. #PPlPP... ..P You could see a komodo dragon (bleeding).

Vanquished Creatures
  Pikel (D:4)
  Grinder (D:4)
  Eustachio (D:7)
  A hippogriff (D:7)
  A hungry ghost (D:8)
  Edmund (D:7)
  An ice beast (D:7)
  A phantom (D:5)
  A sky beast (D:8)
  A centaur (D:5)
  2 slaves
  Blork the orc (D:6)
  3 giant frogs (D:8)
  A scorpion (D:5)
  3 goliath beetles (D:8)
  A giant frog zombie (D:5)
  A hound (D:7)
  2 crimson imps
  A worker ant (D:5)
  An orc wizard (D:3)
  A hound zombie (D:6)
  A worker ant zombie (D:5)
  3 adders
  2 shadow imps (D:7)
  A worm (D:3)
  A giant gecko (D:2)
  13 orcs
  A ball python (D:2)
  7 bats
  4 giant cockroaches
  3 goblins
  11 hobgoblins
  6 jackals
  4 kobolds
  4 quokkas
  A giant newt (D:5)
  12 rats
101 creatures vanquished.

Vanquished Creatures (others)
  A plant (D:8)
1 creature vanquished.

Grand Total: 102 creatures vanquished

Notes
Turn   | Place    | Note
--------------------------------------------------------------
     0 | D:1      | THEYGOTMYIPSWATINC, the Troll Hunter, began the quest for the Orb.
     0 | D:1      | Reached XP level 1. HP: 19/19 MP: 1/1
    84 | D:1      | Reached skill level 1 in Unarmed Combat
   134 | D:1      | Reached XP level 2. HP: 25/27 MP: 1/1
   386 | D:4      | Noticed a slave
   386 | D:4      | Noticed a slave
   386 | D:4      | Noticed a slave
   387 | D:4      | Noticed Pikel
   387 | D:4      | Noticed a slave
   426 | D:3      | Killed a slave
   477 | D:3      | Reached XP level 3. HP: 33/33 MP: 2/2
   728 | D:3      | Found a glowing silver altar of Zin.
   769 | D:3      | Reached XP level 4. HP: 32/41 MP: 2/2
   798 | D:3      | Reached skill level 4 in Unarmed Combat
   873 | D:4      | Found a stormy altar of Qazlal.
   899 | D:4      | Killed a slave
   910 | D:4      | Killed Pikel
   910 | D:4      | Reached skill level 7 in Unarmed Combat
   910 | D:4      | Reached XP level 5. HP: 45/48 MP: 2/2
   910 | D:4      | Reached XP level 6. HP: 51/55 MP: 3/3
   910 | D:4      | Reached XP level 7. HP: 57/62 MP: 3/3
   934 | D:4      | Noticed Grinder
   940 | D:4      | Paralysed by Grinder for 5 turns
   950 | D:4      | Killed Grinder
   950 | D:4      | Reached skill level 8 in Unarmed Combat
  1213 | D:4      | Got a twisted rapier
  1235 | D:5      | Entered Level 5 of the Dungeon
  1410 | D:5      | Reached skill level 9 in Unarmed Combat
  1433 | D:5      | Found a radiant altar of Vehumet.
  1472 | D:4      | Reached XP level 8. HP: 67/70 MP: 3/3
  1578 | D:6      | Noticed Blork the orc
  1585 | D:6      | Killed Blork the orc
  1665 | D:7      | Reached skill level 10 in Unarmed Combat
  1674 | D:7      | Noticed Eustachio
  1710 | D:7      | Killed Eustachio
  1744 | D:7      | Found a staircase to the Ecumenical Temple.
  1794 | Temple   | Entered the Ecumenical Temple
  1825 | Temple   | Became a worshipper of Cheibriados the Contemplative
  1861 | D:7      | Noticed Edmund
  1871 | D:7      | Killed Edmund
  1871 | D:7      | Reached skill level 11 in Unarmed Combat
  1966 | D:8      | Reached XP level 9. HP: 71/76 MP: 4/4
  2001 | D:8      | Gained mutation: You have large cloven feet. [mutagenic meat]
  2002 | D:8      | Gained mutation: You have hoof-like feet. [mutagenic meat]
  2084 | D:8      | Noticed a komodo dragon
  2231 | D:8      | Demolished by a komodo dragon

Action                   |  1- 3 |  4- 6 |  7- 9 || total
-------------------------+-------+-------+-------++-------
Melee: Unarmed           |    99 |    34 |   224 ||   357
Throw: Large rock        |     1 |     4 |    20 ||    25
  Eat: Chunk             |     4 |     2 |    11 ||    17
       Bread ration      |       |       |     1 ||     1
